 Dungeon Crawl Stone Soup version 0.19.4-9-g45fd643 (webtiles) character file.

175 dynamoDes the Magician (level 5, -2/28 HPs)
             Began as a Deep Elf Earth Elementalist on Feb 20, 2017.
             Slain by an orc priest
             ... wielding a +0 hand axe
              (8 damage)
             ... on level 3 of the Dungeon.
             The game lasted 00:12:36 (2948 turns).

dynamoDes the Magician (DEEE)                       Turns: 2948, Time: 00:12:37

Health: -2/28      AC:  3    Str:  6    XL:     5   Next: 29%
Magic:  4/13       EV: 14    Int: 20    God:
Gold:   36         SH:  0    Dex: 15    Spells: 2 memorised, 9 levels left

rFire  . . .     SeeInvis .     b - 51 stones
rCold  . . .     Gourm    .     c - +0 robe
rNeg   . . .     Faith    .     (no shield)
rPois  .         Spirit   .     l - +0 helmet
rElec  .         Reflect  .     (no cloak)
rCorr  .         Harm     .     (no gloves)
MR     .....                    (no boots)
Stlth  ++........               (no amulet)
                                (no ring)
                                (no ring)

@: no status effects
A: no striking features
a: no special abilities


You were on level 3 of the Dungeon.
You were not hungry.

You visited 1 branch of the dungeon, and saw 3 of its levels.

You collected 36 gold pieces.

Inventory:

Hand Weapons
 a - a +0 dagger
 m - a +0 hunting sling
Missiles
 b - 51 stones (in hand)
Armour
 c - a +0 robe (worn)
 l - a +0 helmet (worn)
Scrolls
 f - a scroll of identify
 n - a scroll of recharging {unknown}
 o - a scroll of immolation {unknown}
 p - a scroll of enchant weapon {unknown}
 r - a scroll of fear {unknown}
Potions
 g - a potion of curing {unknown}
 h - a potion of degeneration {unknown}
 j - a potion of flight {unknown}
 k - a potion of might {unknown}
Books
 e - a book of Geomancy

   Spells                             Type                      Level
   a - Sandblast                      Earth                        1
   b - Passwall                       Transmutation/Earth          2
   c - Stone Arrow                    Conjuration/Earth            3
   d - Petrify                        Transmutation/Earth          4
   e - Lee's Rapid Deconstruction     Earth                        5
Comestibles
 d - a bread ration
 i - 3 meat rations
 q - a chunk of flesh


   Skills:
 + Level 3.8 Dodging
 + Level 3.3 Stealth
 - Level 4.5 Spellcasting
 + Level 2.0 Conjurations
   Level 1.1 Transmutations
 + Level 4.2 Earth Magic


You had 9 spell levels left.
You knew the following spells:

 Your Spells              Type           Power        Failure   Level  Hunger
a - Sandblast             Erth           ###...       2%          1    None
b - Stone Arrow           Conj/Erth      ###...       12%         3    ##.....


Dungeon Overview and Level Annotations

Branches:
Dungeon (3/15)

Altars:


Message History

Press: ? - help, Shift-Dir - straight line, f/p - orc priest
Aim: an orc priest, wielding a hand axe and wearing a ring mail (lightly wounded)
The rocky blast misses the orc priest.
The orc priest completely misses you.
Casting: Sandblast
Confirm with . or Enter, or press ? or * to list all spells.
Aiming: Sandblast
Press: ? - help, Shift-Dir - straight line, f/p - orc priest
Aim: an orc priest, wielding a hand axe and wearing a ring mail (lightly wounded)
The rocky blast hits the orc priest.
The orc priest is heavily wounded.
The orc priest closely misses you.
Casting: Sandblast
Confirm with . or Enter, or press ? or * to list all spells.
Aiming: Sandblast
Press: ? - help, Shift-Dir - straight line, f/p - orc priest
Aim: an orc priest, wielding a hand axe and wearing a ring mail (heavily wounded)
The rocky blast hits the orc priest.
The orc priest is almost dead.
The orc priest hits you with a hand axe!
You die...

#########
..o.))..#
##o##
#.@.#
#..<#
#...#
#....
#..###
...#
.....
....#.
##...


You could see an orc priest.

Vanquished Creatures
  An orc priest (D:3)
  Robin (D:2)
  4 gnolls (D:2)
  An adder (D:2)
  2 oozes
  A worm (D:2)
  A dart slug (D:1)
  4 leopard geckos
  2 orcs (D:3)
  A giant cockroach (D:2)
  8 goblins (D:2)
  7 hobgoblins
  5 jackals
  11 kobolds
  6 bats
  3 frilled lizards
  11 rats
69 creatures vanquished.

Vanquished Creatures (others)
  A giant cockroach (D:2)
1 creature vanquished.

Grand Total: 70 creatures vanquished

Notes
Turn   | Place    | Note
-------+----------+-------------------------------------------
     0 | D:1      | dynamoDes the Deep Elf Earth Elementalist began the quest for the Orb.
     0 | D:1      | Reached XP level 1. HP: 10/10 MP: 6/6
   190 | D:1      | Reached XP level 2. HP: 15/15 MP: 6/8
   484 | D:1      | Reached XP level 3. HP: 17/19 MP: 0/10
   581 | D:1      | Learned a level 3 spell: Stone Arrow
   778 | D:2      | Noticed Robin
  1217 | D:2      | Killed Robin
  1251 | D:2      | Reached XP level 4. HP: 8/24 MP: 1/12
  1267 | D:2      | Reached skill level 1 in Conjurations
  2636 | D:2      | Reached XP level 5. HP: 28/28 MP: 4/13
  2948 | D:3      | Slain by an orc priest

Skill      XL: |  1  2  3  4  5 |
---------------+----------------+-----
Stealth        | 3 |  3.3
Dodging        | 3 |  3.8
Spellcasting   | 4 |  4.5
Conjurations   | 1 2 |  2.0
Earth Magic    | 4 |  4.2
Transmutations | |  1.1

Action                   |  1- 3 |  4- 6 || total
-------------------------+-------+-------++-------
Melee: Dagger            |    18 |    17 ||    35
 Cast: Sandblast         |    63 |    64 ||   127
       Stone Arrow       |       |     1 ||     1
  Use: Scroll            |     4 |     1 ||     5
 Stab: Sleeping          |     2 |     1 ||     3
  Eat: Chunk             |     1 |     5 ||     6
Armor: Robe              |     9 |     8 ||    17
Dodge: Dodged            |    48 |    56 ||   104
